 Dungeon Sprint DCSS version 0.15-a0-2112-gb4a2680 (webtiles) character file.

15890 fransbal the Eclecticist (level 12, -8/77 HPs)
             Began as a Deep Elf Venom Mage on July 15, 2014.
             Was the Champion of Sif Muna.
             Mangled by a deep troll (10 damage)
             ... in the Dungeon (Sprint IX: "|||||||||||||||||||||||||||||").
             The game lasted 00:17:15 (2026 turns).

fransbal the Eclecticist (Deep Elf Venom Mage)      Turns: 2026, Time: 00:17:15

HP  -8/77        AC  5     Str  5      XL: 12   Next:  5%
MP   1/39        EV 23     Int 29      God: Sif Muna [******]
Gold 1329        SH  0     Dex 15      Spells: 10 memorised,  7 levels left

rFire  . . .     SeeInvis .     o - staff of energy {!a}
rCold  . . .     Clarity  .     a - +0 robe
rNeg   . . .     rCorr    .     (no shield)
rPois  .         rRot     .     (no helmet)
rElec  .         Spirit   .     E - +0 cloak
SustAb .         Warding  .     r - +0 pair of gloves
rMut   .         NoTele   +     u - +0 pair of boots {Fly}
Gourm  .                        (no amulet)
MR     +....                    s - +2 ring of evasion
                                q - +3 ring of intelligence

@: flying, delayed fireball, somewhat resistant to hostile enchantments,
unstealthy
A: no striking features
a: Channel Energy, Forget Spell, Renounce Religion, Release Delayed Fireball,
Stop Flying


You were in the Dungeon.
You worshipped Sif Muna.
Sif Muna was exalted by your worship.
You were hungry.

You visited 1 branch You collected 1329 gold pieces.


   Skills:
 + Level 10.0 Fighting
 + Level 13.7 Dodging
 - Level 2.4 Stealth
 + Level 19.0 Spellcasting
 + Level 16.3 Conjurations
 + Level 12.4 Fire Magic
 - Level 10.9 Poison Magic


You had 7 spell levels left.
You knew the following spells:

 Your Spells              Type           Power        Failure   Level  Hunger
a - Sting                 Conj/Pois      ####         0%          1    None
b - Spider Form           Trmt/Pois      ######....   1%          3    None
d - Bolt of Magma         Conj/Fire/Erth ######....   1%          5    None
e - Iron Shot             Conj/Erth      ######....   12%         6    None
i - Cure Poison           Pois           ######....   1%          2    None
q - Bolt of Fire          Conj/Fire      #######...   1%          6    None
w - Sticky Flame          Conj/Fire      #######.     1%          4    None
B - Venom Bolt            Conj/Pois      #######...   1%          5    None
C - Mephitic Cloud        Conj/Pois/Air  ######..     1%          3    None
D - Delayed Fireball      Conj/Fire      N/A          3%          7    None

Inventory:

Missiles
 w - an arrow
Armour
 a - a +0 robe (worn)
 r - a +0 pair of gloves (worn)
 u - a +0 pair of boots of flying (worn)
 E - a +0 cloak (worn)
Magical devices
 n - a wand of draining (0)
Comestibles
 c - 13 bread rations
 j - 4 chunks of ogre flesh
 C - 40 fruits
 D - 12 meat rations
Scrolls
 i - 5 scrolls of blinking
 l - 4 scrolls of remove curse
 m - 2 scrolls of amnesia
 p - 2 scrolls of enchant armour
 A - 2 scrolls of identify
Jewellery
 q - a +3 ring of intelligence (left hand)
 s - a +2 ring of evasion (right hand)
Potions
 d - 5 potions of curing
 e - 7 potions of heal wounds
 f - 2 potions of haste
 g - 4 potions of magic
 z - a potion of brilliance
Books
 b - a Young Poisoner's Handbook

   Spells                             Type                      Level
   *Sting                             Conjuration/Poison           1
   *Cure Poison                       Poison                       2
   *Mephitic Cloud                    Conjuration/Poison/Air       3
   Olgreb's Toxic Radiance            Poison                       4
   *Venom Bolt                        Conjuration/Poison           5
 k - Sif Muna's Disquisition on Excruciating Fire
   (Sif Muna gifted it to you in the Dungeon)

   Spells                             Type                      Level
   Flame Tongue                       Conjuration/Fire             1
   Inner Flame                        Hexes/Fire                   3
   *Delayed Fireball                  Conjuration/Fire             7
   Fire Storm                         Conjuration/Fire             9
 t - Lehudib's Volume of Frigorific Battle Magic
   (Sif Muna gifted it to you in the Dungeon)

   Spells                             Type                      Level
   Magic Dart                         Conjuration                  1
   Searing Ray                        Conjuration                  2
   Throw Frost                        Conjuration/Ice              2
   *Iron Shot                         Conjuration/Earth            6
   Bolt of Cold                       Conjuration/Ice              6
 v - Sif Muna's Catalogue of Combat Magic and Contamination
   (Sif Muna gifted it to you in the Dungeon)

   Spells                             Type                      Level
   *Sting                             Conjuration/Poison           1
   *Spider Form                       Transmutation/Poison         3
   Alistair's Intoxication            Transmutation/Poison         4
   *Bolt of Magma                     Conjuration/Fire/Earth       5
   Orb of Destruction                 Conjuration                  7
 x - Sif Muna's Collected Works on Attacks
   (Sif Muna gifted it to you in the Dungeon)

   Spells                             Type                      Level
   Magic Dart                         Conjuration                  1
   Conjure Flame                      Conjuration/Fire             3
   *Bolt of Fire                      Conjuration/Fire             6
 B - Sif Muna's Catalogue of Igneous Confrontation
   (Sif Muna gifted it to you in the Dungeon)

   Spells                             Type                      Level
   Throw Flame                        Conjuration/Fire             2
   Iskenderun's Mystic Blast          Conjuration                  4
   *Sticky Flame                      Conjuration/Fire             4
   Lightning Bolt                     Conjuration/Air              5
   Bolt of Draining                   Conjuration/Necromancy       5
Magical staves
 o - an uncursed staff of energy (weapon) {!a}


Message History

Aiming: Bolt of Fire
Press: ? - help, Shift-Dir - straight line, f/p - deep troll
Aim: a deep troll (lightly wounded)
The bolt of fire misses the deep troll.
Use which ability? (? or * to list)
You channel some magical energy.
You feel somewhat more hungry.
Use which ability? (? or * to list)
You channel some magical energy.
You are feeling hungry.
Casting: Bolt of Fire
Confirm with . or Enter, or press ? or * to list all spells.
Aiming: Bolt of Fire
Press: ? - help, Shift-Dir - straight line, f/p - deep troll
Aim: a deep troll (lightly wounded)
The bolt of fire hits the deep troll.
The deep troll is heavily wounded.
The deep troll bites you!
* * * LOW HITPOINT WARNING * * *
The deep troll claws you!
You die...

#'#.#.#.#_#
#)#.#.#.#_#
#)#.#.#.#_#
#)#.#.#.#_#
#)#.#'#.#_#
#.#.#%#.#_#
#)#.#.#.#_#
#)#.#.#.#_#
#@#.#%#.#_#
#T#.#.#.#_#
#.#.#.#.#_#
#.#.#:#.#_#
#:#.#.#.#'#
#'#.#.#.#)#
#)#.#'#.#.#
#)#.#%#.#.#
#$#.#%#.#)#


You could see a deep troll.

Vanquished Creatures
  A centaur warrior (D)
  A hydra (D)
  3 ogre magi (D)
  5 death yaks (D)
  An orc high priest (D)
  A catoblepas (D)
  3 deep trolls (D)
  4 hill giants (D)
  An orc sorcerer (D)
  Joseph (D)
  An efreet (D)
  2 spiny frogs (D)
  A kobold demonologist (D)
  3 trolls (D)
  A boulder beetle (D)
  3 yaks (D)
  2 water moccasins (D)
  An ogre (D)
  A porcupine (D)
  11 orc warriors (D)
  3 crocodiles (D)
  A giant frog (D)
  A hound (D)
  An orc priest (D)
  2 orc wizards (D)
  A sheep (D)
  An iguana (D)
  A worker ant (D)
  An adder (D)
  A green rat (D)
  5 orc zombies (D)
  An adder skeleton (D)
  12 orcs (D)
  A goblin (D)
  A hobgoblin (D)
  2 kobolds (D)
  A quokka (D)
  A hobgoblin skeleton (D)
  A jackal zombie (D)
  3 rats (D)
88 creatures vanquished.

Vanquished Creatures (others)
  A mummy (D)
  An adder (D)
2 creatures vanquished.

Grand Total: 90 creatures vanquished

Notes
Turn   | Place    | Note
--------------------------------------------------------------
     0 | D        | fransbal, the Deep Elf Venom Mage, began the quest for the Orb.
     0 | D        | Reached XP level 1. HP: 10/10 MP: 5/5
     8 | D        | Reached skill level 1 in Conjurations
   144 | D        | Reached skill level 5 in Poison Magic
   180 | D        | Reached XP level 2. HP: 7/15 MP: 6/9
   184 | D        | HP: 3/15 [orc/short sword (4)]
   210 | D        | Found a glowing silver altar of Zin.
   210 | D        | Found a glowing golden altar of the Shining One.
   210 | D        | Found an ancient bone altar of Kikubaaqudgha.
   210 | D        | Found a basalt altar of Yredelemnul.
   210 | D        | Found a shimmering altar of Xom.
   210 | D        | Found a radiant altar of Vehumet.
   210 | D        | Found an iron altar of Okawaru.
   211 | D        | Found a burning altar of Makhleb.
   212 | D        | Found a deep blue altar of Sif Muna.
   213 | D        | Found a bloodstained altar of Trog.
   214 | D        | Found a sparkling altar of Nemelex Xobeh.
   215 | D        | Found a white marble altar of Elyvilon.
   216 | D        | Found a roughly hewn altar of Beogh.
   217 | D        | Found a viscous altar of Jiyva.
   218 | D        | Found a corrupted altar of Lugonu.
   219 | D        | Found a blossoming altar of Fedhas.
   220 | D        | Found a snail-covered altar of Cheibriados.
   221 | D        | Found a shadowy altar of Dithmenos.
   223 | D        | Became a worshipper of Sif Muna the Loreminder
   225 | D        | Found a stormy altar of Qazlal.
   226 | D        | Found an opulent altar of Gozag.
   422 | D        | Learned a level 2 spell: Cure Poison
   422 | D        | Noticed a worker ant
   422 | D        | Noticed a hound
   422 | D        | Noticed an ogre
   422 | D        | Noticed a hill giant
   422 | D        | Noticed a hill giant
   426 | D        | Killed a worker ant
   426 | D        | Reached skill level 3 in Conjurations
   426 | D        | Reached XP level 3. HP: 13/19 MP: 6/14
   427 | D        | Killed a hound
   427 | D        | Acquired Sif Muna's first power
   427 | D        | Reached skill level 6 in Spellcasting
   427 | D        | Reached skill level 6 in Poison Magic
   429 | D        | Killed an ogre
   429 | D        | Acquired Sif Muna's second power
   429 | D        | Reached skill level 8 in Spellcasting
   429 | D        | Reached skill level 6 in Conjurations
   429 | D        | Reached XP level 4. HP: 16/24 MP: 7/21
   429 | D        | Reached XP level 5. HP: 18/28 MP: 7/23
   431 | D        | Killed a hill giant
   431 | D        | Acquired Sif Muna's third power
   431 | D        | Received a gift from Sif Muna
   431 | D        | Reached skill level 12 in Spellcasting
   431 | D        | Reached skill level 9 in Conjurations
   431 | D        | Reached XP level 6. HP: 20/32 MP: 8/28
   431 | D        | Reached XP level 7. HP: 22/36 MP: 8/29
   446 | D        | Killed a hill giant
   446 | D        | Received a gift from Sif Muna
   446 | D        | Reached skill level 13 in Spellcasting
   446 | D        | Reached XP level 8. HP: 26/41 MP: 7/31
   455 | D        | Identified Lehudib's Volume of Frigorific Battle Magic (Sif Muna gifted it to you in the Dungeon)
   471 | D        | Identified Sif Muna's Catalogue of Combat Magic and Contamination (Sif Muna gifted it to you in the Dungeon)
   476 | D        | Learned a level 3 spell: Mephitic Cloud
   481 | D        | Learned a level 4 spell: Olgreb's Toxic Radiance
   487 | D        | Learned a level 5 spell: Venom Bolt
   493 | D        | Learned a level 5 spell: Bolt of Magma
   500 | D        | Learned a level 6 spell: Iron Shot
   504 | D        | Learned a level 3 spell: Spider Form
   566 | D        | Noticed an efreet
   566 | D        | Noticed a kobold demonologist
   566 | D        | Noticed a centaur warrior
   575 | D        | Killed a kobold demonologist
   575 | D        | Reached skill level 1 in Fighting
   575 | D        | Reached skill level 3 in Dodging
   575 | D        | Reached skill level 14 in Spellcasting
   578 | D        | Killed an efreet
   578 | D        | Reached skill level 12 in Conjurations
   578 | D        | Reached skill level 3 in Fire Magic
   597 | D        | Killed a centaur warrior
   597 | D        | Received a gift from Sif Muna
   597 | D        | Reached skill level 3 in Fighting
   597 | D        | Reached skill level 6 in Dodging
   597 | D        | Reached XP level 9. HP: 23/52 MP: 0/33
   605 | D        | Identified Sif Muna's Collected Works on Attacks (Sif Muna gifted it to you in the Dungeon)
   613 | D        | Learned a level 6 spell: Bolt of Fire
   879 | D        | Noticed a porcupine
   879 | D        | Noticed an iguana
   879 | D        | Noticed a seven-headed hydra
   879 | D        | Noticed a yak
   880 | D        | Killed a porcupine
   880 | D        | Reached skill level 15 in Spellcasting
   903 | D        | Killed an iguana
   904 | D        | Killed a seven-headed hydra
   904 | D        | Reached skill level 6 in Fire Magic
   905 | D        | Killed a yak
   905 | D        | Received a gift from Sif Muna
   906 | D        | Identified Sif Muna's Catalogue of Igneous Confrontation (Sif Muna gifted it to you in the Dungeon)
   912 | D        | Learned a level 4 spell: Sticky Flame
   912 | D        | Noticed a water moccasin
   919 | D        | Noticed a water moccasin
   921 | D        | Killed a water moccasin
   922 | D        | Killed a water moccasin
  1016 | D        | Noticed a crocodile
  1016 | D        | Noticed a crocodile
  1016 | D        | Noticed a giant frog
  1016 | D        | Noticed a boulder beetle
  1016 | D        | Noticed a crocodile
  1017 | D        | Noticed a spiny frog
  1018 | D        | Killed a crocodile
  1018 | D        | Killed a giant frog
  1019 | D        | Killed a crocodile
  1021 | D        | Noticed a spiny frog
  1024 | D        | HP: 7/54 [squashed by a boulder beetle (43)]
  1026 | D        | Killed a crocodile
  1027 | D        | Killed a spiny frog
  1027 | D        | Reached XP level 10. HP: 29/60 MP: 10/35
  1028 | D        | Killed a boulder beetle
  1028 | D        | Reached skill level 9 in Dodging
  1028 | D        | Reached skill level 16 in Spellcasting
  1028 | D        | Killed a spiny frog
  1028 | D        | Reached skill level 6 in Fighting
  1210 | D        | Noticed a death yak
  1210 | D        | Noticed a death yak
  1210 | D        | Noticed a death yak
  1210 | D        | Noticed a yak
  1210 | D        | Noticed a yak
  1210 | D        | Noticed a death yak
  1210 | D        | Noticed a catoblepas
  1213 | D        | Killed a death yak
  1213 | D        | Received a gift from Sif Muna
  1213 | D        | Killed a death yak
  1213 | D        | Killed a death yak
  1213 | D        | Reached skill level 9 in Fire Magic
  1214 | D        | Identified Sif Muna's Disquisition on Excruciating Fire (Sif Muna gifted it to you in the Dungeon)
  1215 | D        | Noticed a death yak
  1230 | D        | Killed a catoblepas
  1230 | D        | Reached skill level 17 in Spellcasting
  1230 | D        | Killed a yak
  1234 | D        | Killed a death yak
  1234 | D        | Received a gift from Sif Muna
  1237 | D        | Killed a yak
  1237 | D        | Reached XP level 11. HP: 62/68 MP: 2/37
  1242 | D        | Killed a death yak
  1258 | D        | Identified Sif Muna's Incunabulum of Blistering Conjuration (Sif Muna gifted it to you in the Dungeon)
  1407 | D        | Noticed Joseph
  1424 | D        | Killed Joseph
  1424 | D        | Reached skill level 15 in Conjurations
  1557 | D        | Learned a level 7 spell: Delayed Fireball
  1585 | D        | Noticed an orc warrior
  1585 | D        | Noticed an orc warrior
  1585 | D        | Noticed an orc priest
  1585 | D        | Noticed an orc warrior
  1587 | D        | Killed an orc warrior
  1588 | D        | Noticed an orc wizard
  1589 | D        | Killed an orc warrior
  1589 | D        | Killed an orc priest
  1590 | D        | Killed an orc warrior
  1597 | D        | Killed an orc wizard
  1751 | D        | Noticed an orc warrior
  1751 | D        | Noticed an orc warrior
  1751 | D        | Noticed an orc warrior
  1751 | D        | Noticed an orc warrior
  1751 | D        | Noticed an orc high priest
  1751 | D        | Noticed an orc warrior
  1751 | D        | Noticed an orc warrior
  1752 | D        | Killed an orc warrior
  1753 | D        | Killed an orc warrior
  1753 | D        | Killed an orc warrior
  1754 | D        | Killed an orc high priest
  1754 | D        | Reached skill level 12 in Dodging
  1754 | D        | Killed an orc warrior
  1755 | D        | Noticed an orc sorcerer
  1755 | D        | Killed an orc warrior
  1755 | D        | Received a gift from Sif Muna
  1755 | D        | Killed an orc warrior
  1816 | D        | Noticed an orc warrior
  1820 | D        | Noticed an orc wizard
  1821 | D        | Killed an orc warrior
  1823 | D        | Noticed an orc warrior
  1823 | D        | Killed an orc sorcerer
  1823 | D        | Reached skill level 18 in Spellcasting
  1824 | D        | Killed an orc wizard
  1826 | D        | Killed an orc warrior
  1833 | D        | Identified Sif Muna's Guide on Torrid Conjuration (Sif Muna gifted it to you in the Dungeon)
  1962 | D        | Found Velata's Book Emporium.
  1962 | D        | Noticed an ogre mage
  1962 | D        | Noticed an ogre mage
  1962 | D        | Noticed a deep troll
  1962 | D        | Noticed a troll
  1962 | D        | Noticed a troll
  1962 | D        | Noticed a deep troll
  1964 | D        | Killed an ogre mage
  1964 | D        | Reached skill level 9 in Fighting
  1964 | D        | Killed an ogre mage
  1964 | D        | Killed a deep troll
  1965 | D        | Noticed an ogre mage
  1965 | D        | Found Twoics' Weapon Shoppe.
  1966 | D        | Killed a troll
  1967 | D        | Killed a troll
  1968 | D        | Killed a deep troll
  1968 | D        | Received a gift from Sif Muna
  1968 | D        | Killed an ogre mage
  1968 | D        | Reached skill level 12 in Fire Magic
  1980 | D        | Found Qykaunau's Antique Weapon Emporium.
  1982 | D        | Noticed a hill giant
  1986 | D        | Killed a hill giant
  1987 | D        | Noticed a deep troll
  1989 | D        | Noticed a troll
  1990 | D        | Found Janneopp's General Store.
  1990 | D        | Noticed a deep troll
  1994 | D        | Killed a troll
  1995 | D        | Noticed a hill giant
  1998 | D        | Killed a deep troll
  1998 | D        | Reached skill level 19 in Spellcasting
  1998 | D        | Reached XP level 12. HP: 51/77 MP: 1/39
  2003 | D        | Killed a hill giant
  2003 | D        | HP: 12/77 [deep troll (12)]
  2026 | D        | HP: 2/77 [deep troll (15)]
  2026 | D        | Mangled by a deep troll

Vault maps used:
D:        linesprint

Action                   |  1- 3 |  4- 6 |  7- 9 | 10-12 || total
-------------------------+-------+-------+-------+-------++-------
Melee: Club              |     5 |       |     6 |       ||    11
 Cast: Sting             |    15 |       |     4 |       ||    19
       Venom Bolt        |       |       |     9 |       ||     9
       Bolt of Fire      |       |       |     5 |    43 ||    48
       Bolt of Magma     |       |       |     5 |       ||     5
       Cure Poison       |       |       |       |     1 ||     1
       Sticky Flame      |       |       |       |     2 ||     2
       Delayed Fireball  |       |       |       |     1 ||     1
Invok: Channel Energy    |       |       |    10 |    32 ||    42
       Forget Spell      |       |       |     1 |       ||     1
Evoke: Wand              |     2 |     2 |     2 |     1 ||     7
  Use: Potion            |     1 |       |     3 |       ||     4
       Scroll            |       |       |       |     1 ||     1
  Eat: Chunk             |       |       |     3 |     7 ||    10
